 Dungeon Crawl Stone Soup version 0.31-a0-995-g04711c9635 (webtiles) character file.

Game seed: 11133295759667594940

86 Dirtsage the Chopper (level 4, 35/35 HPs)
             Began as a Demonspawn Berserker on Nov 6, 2023.
             Was a Follower of Trog.
             Quit the game on level 2 of the Dungeon.
             The game lasted 00:02:02 (1005 turns).

Dirtsage the Chopper (Demonspawn Berserker)         Turns: 1005, Time: 00:02:02

Health: 35/35      AC: 10    Str: 19    XL:     4   Next: 26%
Magic:  4/4        EV:  6    Int: 11    God:    Trog [*.....]
Gold:   60         SH:  0    Dex: 12    Spells: 3/3 levels left

rFire   . . .        a - +0 hand axe
rCold   . . .        (no shield)
rNeg    . . .        d - +0 plate armour
rPois   .            (no helmet)
rElec   .            (no cloak)
rCorr   .            (no gloves)
SInv    +            (no boots)
Will    .....        (no amulet) Stlth
                     S - ring of see invisible
HPRegen 0.25/turn    (no ring)
MPRegen 0.09/turn

%: no passive effects
@: no status effects
A: big brain 1, demonic touch 1
a: Renounce Religion, Berserk


You were on level 2 of the Dungeon.
You worshipped Trog.
Trog was aware of your devotion.
You visited 1 branch of the dungeon, and saw 2 of its levels.

You collected 60 gold pieces.

Inventory:

Hand Weapons
 a - a +0 hand axe (weapon)
Armour
 b - a +0 animal skin
 d - a +0 plate armour (worn)
Jewellery
 S - a ring of see invisible (left hand)
Scrolls
 c - 2 scrolls of amnesia {unknown}
 f - a scroll of enchant armour {unknown}
 h - 2 scrolls of poison {unknown}
 l - a scroll of fear {unknown}
Potions
 e - a potion of curing {unknown}
 g - a potion of might {unknown}
 i - a potion of heal wounds {unknown}
 j - a potion of enlightenment {unknown}
 k - a potion of invisibility {unknown}


   Skills:
 - Level 3.0 Fighting
 + Level 4.7 Axes
 - Level 1.7 Armour
 - Level 1.7 Dodging


You had 3 spell levels left.
You didn't know any spells.
Your spell library was empty.

Dungeon Overview and Level Annotations

Branches:
Dungeon (2/15)

Altars:


Innate Abilities, Weirdness & Mutations

You have an unusually large brain. (Int +2)
Your touch may inflict minor irresistible damage on your foes.


Message History

You closely miss the orc priest. The orc priest barely misses you.
The orc priest hits you with a +0 trident.
You take 2 damage, and have 17/29 hp.
You hit the orc priest.
You touch the orc priest!
The orc priest is almost dead.
The orc priest calls down the wrath of Beogh upon you.
Beogh smites you!
* * * LOW HITPOINT WARNING * * *
You take 14 damage, and have 3/29 hp.
MASSIVE DAMAGE!!
You closely miss the orc priest. Your touch misses the orc priest.
The orc priest is almost dead.
The orc priest miscasts a cantrip.
A red film seems to cover your vision as you go berserk!
You feel yourself moving faster!
You feel mighty!
The orc priest hits you but does no damage.
You now have 6/43 hp.
You hit the orc priest.
You kill the orc priest!
Trog accepts your kill.
You have reached level 4!
You feel clever.
Your demonic ancestry asserts itself...
Your brain expands.
MP restored: 4 You start resting.
You feel a strong urge to attack something.
You start resting.
You are no longer berserk.
You are exhausted.
You feel yourself slow down.
You now have 5/35 hp.
You start resting.
You feel yourself speed up.
You regained 9 hp, and now have 14/35 hp.
You start resting.
You recover from your berserk rage.
You regained 3 hp, and now have 17/35 hp.
You start resting.
HP restored.
Health restored: 35 Are you sure you want to abandon this character and quit the game? (Confirm with "yes".)

#####.# #.....#
#.###.# #.#.#.#
######## #.#.#.#
#......# #.#.#)#
#......# #.#.#.#
###......# #.#)#.#
#........# #.@.#.#
#........#########.#
#..................#
#.......#######....#
#.......# ####.#
#.......# #.#
#.......# #.#
#.......# #.#
#..<....# #.#


There were no monsters in sight!

Vanquished Creatures
  2 orc priests (D:2)
  3 orcs (D:2)
  An endoplasm (D:1)
  2 giant cockroaches (D:1)
  2 goblins (D:1)
  A hobgoblin (D:1)
  A quokka (D:1)
  4 ball pythons
  A bat (D:2)
  3 frilled lizards
  4 rats (D:1)
24 creatures vanquished.

Notes
Turn   | Place    | Note
-------+----------+-------------------------------------------
     0 | D:1      | Dirtsage the Demonspawn Berserker began the quest for the
                  | Orb.
     0 | D:1      | Reached XP level 1. HP: 18/18 MP: 1/1
    87 | D:1      | Reached skill level 3 in Axes
   302 | D:1      | Gained mutation: Your touch may inflict minor irresistible
                  | damage on your foes. [demonic ancestry]
   302 | D:1      | Reached XP level 2. HP: 21/24 MP: 2/2
   858 | D:2      | Reached skill level 4 in Axes
   858 | D:2      | Reached XP level 3. HP: 25/29 MP: 3/3
   896 | D:2      | Gained mutation: You have an unusually large brain. (Int
                  | +2) [demonic ancestry]
   896 | D:2      | Reached XP level 4. HP: 7/35 MP: 4/4
  1005 | D:2      | Quit the game

Illustrated notes

Levels and vault maps discovered:
D:1:      eino_arrival_cavern_b, layout_basic, nicolae_figureground_sparkle
D:2:      layout_basic, shapermc_ecumenical_altar_hornbeckon

Skill      XL: |  1  2 |
---------------+-------+-----
Axes           | 3 4 |  4.7
Fighting       | |  3.0
Armour         | |  1.7
Dodging        | |  1.7

Action                     |  1- 3 |  4- 6 || total
---------------------------+-------+-------++-------
  Melee: Hand axe          |    57 |       ||    57
         Touch             |     6 |       ||     6
 Invoke: Berserk           |     1 |       ||     1
 Armour: Plate armour      |    38 |       ||    38
  Dodge: Dodged            |    11 |       ||    11

Table legend: (Time is in decaauts)
 A = Elapsed time spent in this place.
 B = Non-inter-level travel time spent in this place.
 C = Inter-level travel time spent in this place.
 D = Time resting spent in this place.
 E = Time spent auto-exploring this place.
 F = Levels seen in this place.
 G = Mean time per level.
                   A        B        C        D        E       F      G
               +--------+--------+--------+--------+--------+-----+--------+
         Total |   1023 |    992 |     31 |    119 |    728 |   2 |  511.5 |
       Dungeon |   1023 |    992 |     31 |    119 |    728 |   2 |  511.5 |
               +--------+--------+--------+--------+--------+-----+--------+

Top non-repeatable levels by time:
     D:1: 703 daAuts
     D:2: 319 daAuts
